 Dungeon Crawl Stone Soup version 0.28.0 (webtiles) character file.

Game seed: 12547664322897117889

153538 RighteousDevil the Tortoise (level 17, -13/161 HPs)
             Began as a Minotaur Monk on Feb 13, 2022.
             Was a Priest of Uskayaw.
             Succumbed to something's poison gas
             ... on level 4 of the Swamp.
             The game lasted 01:17:07 (27156 turns).

RighteousDevil the Tortoise (Minotaur Monk)        Turns: 27156, Time: 01:17:09

Health: -13/161    AC: 33    Str: 23    XL:     17   Next: 4%
Magic:  17/17      EV:  9    Int:  7    God:    Uskayaw [***...]
Gold:   600        SH: 14    Dex: 17    Spells: 16/16 levels left

rFire   + . .      SeeInvis +   a - +4 long sword (vamp)
rCold   + . .      Faith    .   J - +2 kite shield
rNeg    . . .      Spirit   .   K - +9 plate armour of Honour {Will+ MP-9 Dex+3 SInv}
rPois   .          Reflect  .   (helmet restricted)
rElec   .          Harm     .   V - scarf {rC+ rF+}
rCorr   .          Rampage  .   j - +2 pair of gloves
Will    ++...                   o - +0 pair of boots
Stlth   ..........              q - amulet of regeneration
HPRegen 1.16/turn               e - +4 ring of slaying
MPRegen 0.15/turn               k - ring of see invisible

@: lethally poisoned (-13 -> -82), marked
A: horns 2, retaliatory headbutt, hooves 1, mutation resistance 1
a: Renounce Religion, Stomp, Line Pass


You were on level 4 of the Swamp.
You worshipped Uskayaw.
Uskayaw was pleased with you.
You visited 4 branches of the dungeon, and saw 27 of its levels.
You visited 1 bazaar.
You also visited: Ice Cave.

You collected 2717 gold pieces.
You spent 2117 gold pieces at shops.

Inventory:

Hand Weapons
 a - a +4 vampiric long sword (weapon)
 b - a +3 scimitar of flaming
 A - the +10 fustibalus of Wehixe {flame, rF+}
   (You found it on level 2 of the Swamp)

   Any ammunition fired from it burns those it strikes, dealing additional fire
   damage.
   rF:        It protects you from fire.
 U - a +7 eveningstar of flaming
Missiles
 w - a throwing net
Armour
 j - a +2 pair of gloves (worn)
 o - a +0 pair of boots (worn)
 J - a +2 kite shield (worn)
 K - the +9 plate armour of Honour (worn) {Will+ MP-9 Dex+3 SInv}
   (You bought it in a shop on level 2 of the Orcish Mines)

   Dex:       It affects your dexterity (+3).
   MP:        It affects your magic capacity (-9).
   SInv:      It lets you see invisible.
   Will:      It increases your willpower.
 V - a scarf of resistance (worn)
Jewellery
 e - a +4 ring of slaying (left hand)
 h - a +6 ring of strength
 k - a ring of see invisible (right hand)
 m - an amulet of magic regeneration
 q - an amulet of regeneration (around neck)
 r - a ring of wizardry
 v - a +4 ring of protection
 G - a +4 ring of protection
 P - a +4 ring of evasion
Wands
 f - a wand of polymorph (7)
 g - a wand of digging (6)
 n - a wand of iceblast (6)
 I - a wand of flame (24)
 W - a wand of acid (6)
Scrolls
 c - 4 scrolls of amnesia
 d - a scroll of magic mapping
 i - a scroll of torment
 p - a scroll of blinking
 y - 8 scrolls of teleportation
 D - a scroll of holy word
 E - 3 scrolls of fog
 F - 3 scrolls of vulnerability
 N - a scroll of fear
 O - 7 scrolls of identify
 Q - a scroll of silence
 S - 2 scrolls of summoning
Potions
 l - 2 potions of mutation
 s - 5 potions of lignification
 t - 5 potions of brilliance
 x - 3 potions of haste
 z - 3 potions of ambrosia
 B - a potion of flight
 C - 5 potions of attraction
 M - a potion of cancellation
Miscellaneous
 L - a phantom mirror
 R - a box of beasts
 T - a piece from Xom's chessboard (15/15)


   Skills:
 - Level 17.0 Fighting
 - Level 16.0 Long Blades
 * Level 13.1 Maces & Flails
 - Level 19.1 Armour
 - Level 6.0 Dodging
 - Level 1.5 Stealth
 - Level 10.4 Shields
 + Level 13.4 Invocations
 - Level 7.0 Evocations


You had 16 spell levels left.
You didn't know any spells.
Your spell library contained the following spells:

 Spells                   Type           Power      Damage    Failure   Level
 Animate Skeleton         Necr           0%         N/A       100%        1
 Apportation              Tloc           0%         N/A       100%        1
 Freeze                   Ice            0%         1d3       100%        1
 Magic Dart               Conj           0%         1d3       100%        1
 Shock                    Conj/Air       0%         1d3       100%        1
 Slow                     Hex            0%         N/A       100%        1
 Sting                    Tmut/Pois      0%         1d3       100%        1
 Summon Small Mammal      Summ           0%         N/A       100%        1
 Call Imp                 Summ           0%         N/A       100%        2
 Poisonous Vapours        Pois/Air       0%         N/A       100%        2
 Searing Ray              Conj           0%         2d4       100%        2
 Static Discharge         Conj/Air       0%         N/A       100%        2
 Sublimation of Blood     Necr           0%         N/A       100%        2
 Wereblood                Tmut           0%         N/A       100%        2
 Confusing Touch          Hex            0%         N/A       100%        3
 Conjure Flame            Conj/Fire      0%         6-21      100%        3
 Frozen Ramparts          Ice            0%         1d2       100%        3
 Gell's Gravitas          Tloc           0%         N/A       100%        3
 Ignite Poison            Fire/Tmut/Pois 0%         N/A       100%        3
 Inner Flame              Hex/Fire       0%         N/A       100%        3
 Mephitic Cloud           Conj/Pois/Air  0%         N/A       100%        3
 Summon Guardian Golem    Hex/Summ       0%         N/A       100%        3
 Swiftness                Air            0%         N/A       100%        3
 Teleport Other           Tloc           0%         N/A       100%        3
 Tukima's Dance           Hex            0%         N/A       100%        3
 Vampiric Draining        Necr           0%         2d6       100%        3
 Airstrike                Air            0%         N/A       100%        4
 Animate Armour           Summ/Erth      0%         N/A       100%        4
 Cause Fear               Hex            0%         N/A       100%        4
 Dispel Undead            Necr           0%         3d6       100%        4
 Fulminant Prism          Conj/Hex       0%         3d6       100%        4
 Hailstorm                Conj/Ice       0%         3d3       100%        4
 Ice Form                 Ice/Tmut       0%         N/A       100%        4
 Leda's Liquefaction      Hex/Erth       0%         N/A       100%        4
 Olgreb's Toxic Radiance  Pois           0%         N/A       100%        4
 Passage of Golubria      Tloc           0%         N/A       100%        4
 Sticky Flame             Conj/Fire      0%         2d3       100%        4
 Summon Ice Beast         Ice/Summ       0%         N/A       100%        4
 Alistair's Intoxication  Tmut/Pois      0%         N/A       100%        5
 Blade Hands              Tmut           0%         N/A       100%        5
 Irradiate                Conj/Tmut      0%         3d13      100%        5
 Lee's Rapid Deconstruct  Erth           0%         3d5*      100%        5
 Yara's Violent Unravell  Hex/Tmut       0%         3d3       100%        5
 Dispersal                Tloc           0%         N/A       100%        6
 Iron Shot                Conj/Erth      0%         9d1       100%        6
 Simulacrum               Ice/Necr       0%         N/A       100%        6
 Statue Form              Tmut/Erth      0%         N/A       100%        6
 Dragon Form              Tmut           0%         N/A       100%        7
 Enfeeble                 Hex            0%         N/A       100%        7
 Orb of Destruction       Conj           0%         9d5       100%        7
 Spellforged Servitor     Conj/Summ      0%         N/A       100%        7
 Summon Hydra             Summ           0%         N/A       100%        7
 Discord                  Hex            0%         N/A       100%        8
 Chain Lightning          Conj/Air       0%         N/A       100%        9
 Fire Storm               Conj/Fire      0%         5d1       100%        9
 Shatter                  Erth           0%         3d5*      100%        9


Dungeon Overview and Level Annotations

Branches:
Dungeon (15/15)            Temple (0/1) D:4            Lair (6/6) D:11
  Swamp (4/4) Lair:3        Snake (0/4) Lair:3        Slime (0/5) Lair:5
    Orc (2/2) D:11            Elf (0/3) Orc:2        Vaults (0/5) D:13
 Depths (0/4) D:15          IceCv (visited)

Altars:
Kikubaaqudgha
Makhleb
Okawaru
Uskayaw
Xom
Zin
Beogh
Jiyva

Shops:
Orc:2 ?[*:

Portals:
Pandemonium: Orc:2
Trove: D:10 (give horn of Geryon)

Annotations:
D:6 1 runed translucent door, Bricks's ghost, novice FoFi
D:15 exclusion: obsidian statue, Rupert
Lair:3 2 transporters, Luuwnalu's ghost, journeyman KoHu


Innate Abilities, Weirdness & Mutations

You have a pair of horns on your head.
You reflexively headbutt those who attack you in melee.
You have large cloven feet.
You are somewhat resistant to further mutation.


Message History

You feel extremely sick.
Okay, then.
Okay, then.
A swamp dragon comes into view.
You feel extremely sick.
The swamp dragon is no longer sharing its pain.
The swamp dragon breathes poison at you.
You enter the shallow water.
Moving in this stuff is going to be slow.
You are engulfed in poison gas.
You are more poisoned.
* * * LOW HITPOINT WARNING * * *
x2 You feel extremely sick.
An eight-headed hydra comes into view.
The swamp dragon breathes poison at you.
The blast of poison engulfs you!
You are more poisoned.
* * * LOW HITPOINT WARNING * * *
A swamp dragon comes into view.
You feel much better.
You are engulfed in poison gas.
You are more poisoned.
* * * LOW HITPOINT WARNING * * *
x2 You feel extremely sick.
The swamp dragon breathes poison at you.
The blast of poison engulfs you.
You are more poisoned.
* * * LOW HITPOINT WARNING * * *
An eight-headed hydra comes into view.
You feel much better.
You are engulfed in poison gas.
You are more poisoned.
* * * LOW HITPOINT WARNING * * *
x2 You feel extremely sick.
Unknown command.
Blink to where?
Press: ? - help, Dir - move target
As you read the scroll of blinking, it crumbles to dust.
You are engulfed in poison gas.
You are more poisoned.
* * * LOW HITPOINT WARNING * * *
You die...

♣♣..≈≈≈≈≈≈≈≈..♣♣♣♣♣♣♣°..
♣...≈≈≈≈≈≈§≈≈≈§≈.♣.≈..≈.
♣♣..≈≈≈≈≈≈≈...≈≈≈♣≈≈...○
♣♣♣≈≈♣≈≈§§§≈≈..♣♣♣♣♣≈♣≈
♣♣≈♣.≈†≈≈≈≈≈..♣♣♣♣♣♣≈
♣≈≈≈≈.≈≈≈≈≈≈.≈..♣♣♣*♣
*♣..≈..)≈≈≈≈.♣≈..≈.♣♣≈
♣...♣○○.°○.♣♣♣♣..≈≈≈♣≈
**♣♣♣♣♣@○♣○☼.♣♣♣♣♣≈≈≈.♣*
**≈*** ♣♣♣○°D...♣♣.≈♣♣..*
*,≈≈≈* ♣♣D§°°DD.<.♣♣♣≈k*
♣≈≈≈,* ♣.≈D≈♣♣≈....§♣♣♣k
*♣≈≈≈,** ♣.D♣♣♣♣..[≈≈≈....
*≈≈≈≈.,* ♣.§.♣ ♣.≈≈)≈≈≈≈..
*.≈≈≈≈,* ♣x≈≈♣♣♣.≈≈≈≈≈≈≈♣.
*≈≈≈≈≈≈*♣♣≈...≈≈≈≈.≈§≈≈≈.≈
*♣.≈≈≈≈♣♣≈≈.≈.≈≈≈≈♣...≈≈.♣


You could see an eight-headed hydra and 2 swamp dragons.

Vanquished Creatures
  Kirke (Swamp:1)
  A thorn hunter (Swamp:1)
  Louise (D:15)
  A ghoul (Swamp:1)
  3 eleionomae
  5 bunyips
  A dire elephant (Lair:6)
  3 ettins
  A fire dragon (Lair:6)
  Josephine (D:13)
  2 shambling mangroves (Swamp:1)
  A vault guard (D:13)
  4 boulder beetles
  2 catoblepae (Lair:6)
  27 hydras
  6 centaur warriors
  A death knight (D:15)
  8 alligators
  2 tengu warriors (D:15)
  8 spriggans
  12 death yaks
  8 orc high priests (Orc:2)
  A spriggan berserker (Swamp:3)
  Urug (Orc:2)
  Sonja (Lair:5)
  A deep troll (D:15)
  5 goliath frogs
  2 spriggan druids
  5 swamp dragons
  8 bog bodies
  2 wizards (D:15)
  4 orc knights (Orc:2)
  13 ugly things
  A lindwurm (Lair:4)
  A necromancer (IceCv)
  4 orc sorcerers
  3 deep elf pyromancers (D:15)
  2 wolf spiders (Lair:6)
  3 cyclopes
  4 manticores
  5 will-o-the-wisps
  A guardian serpent (Lair:3)
  2 elephants (Lair:6)
  Joseph (D:8)
  6 black mambas
  A rust devil (Orc:2)
  A torpor snail (Lair:6)
  24 cane toads
  8 rime drakes
  An ice statue (IceCv)
  2 gargoyles (D:12)
  Psyche (D:8)
  5 yaktaurs (D:15)
  2 anaconda simulacra (IceCv)
  2 efreet
  8 ice devils (IceCv)
  6 freezing wraiths
  A tengu conjurer (D:15)
  3 entropy weaver simulacra (IceCv)
  2 red devils (Orc:2)
  A komodo dragon (shapeshifter) (D:13)
  14 komodo dragons
  A polar bear (Lair:2)
  4 trolls
  Prince Ribbit (D:5)
  6 tyrant leeches
  10 hornets
  12 blink frogs
  19 slime creatures
  2 dream sheep (Lair:6)
  Sigmund (D:6)
  3 vampires
  5 wyverns
  4 wraiths
  A shadow (D:13)
  A centaur simulacrum (D:15)
  A dire elephant simulacrum (IceCv)
  54 yaks
  A yak (shapeshifter) (D:15)
  Grum (D:8)
  7 basilisks
  A chaos spawn (Orc:2)
  A golden eye (shapeshifter) (D:14)
  5 steam dragons
  3 wargs (Orc:2)
  6 vampire mosquitoes (Swamp:1)
  7 death yak simulacra (IceCv)
  19 swamp worms
  4 acid dragons
  4 harpy simulacra (IceCv)
  20 water moccasins
  2 ice beasts
  3 sky beasts
  6 swamp drakes
  2 black bears
  28 orc warriors
  13 ogres
  2 necrophages
  14 wolves
  5 centaurs
  Blork the orc (D:5)
  3 kobold brigands
  2 phantoms (D:5)
  13 bullfrogs
  4 gnoll sergeants
  2 scorpions
  A two-headed ogre simulacrum (IceCv)
  5 cane toad simulacra (IceCv)
  A wyvern zombie (D:7)
  A water moccasin skeleton (D:6)
  16 killer bees
  4 elephant simulacra (IceCv)
  5 wights
  5 howler monkeys
  2 electric eels
  A crimson imp (D:5)
  4 centaur zombies
  5 hounds
  2 gnoll shamans
  21 orc priests
  A bullfrog skeleton (D:4)
  A jelly (D:6)
  10 iguanas
  9 orc wizards
  5 hell rats (Lair:2)
  A troll simulacrum (IceCv)
  2 spriggan simulacra (IceCv)
  2 polar bear simulacra (IceCv)
  2 wolf simulacra (IceCv)
  A hound zombie (D:5)
  19 gnolls
  4 adders
  2 ufetubi (IceCv)
  2 dart slugs
  65 orcs
  6 bats
  7 endoplasms
  7 giant cockroaches
  8 goblins
  5 hobgoblins
  10 jackals
  4 quokkas
  7 ball pythons
  17 frilled lizards
  11 kobolds
  4 rats
846 creatures vanquished.

Vanquished Creatures (others)
  3 bloated husks
  2 vampire mosquitoes (Swamp:1)
  A swamp worm (Swamp:2)
  2 swamp drakes
  12 foxfires
  24 fungi
  59 plants
103 creatures vanquished.

Grand Total: 949 creatures vanquished

Notes
Turn   | Place    | Note
-------+----------+-------------------------------------------
     0 | D:1      | RighteousDevil the Minotaur Monk began the quest for the
                  | Orb.
     0 | D:1      | Reached XP level 1. HP: 19/19 MP: 0/0
   227 | D:1      | Found a faded altar of an unknown god.
   233 | D:1      | Reached XP level 2. HP: 19/26 MP: 1/1
   254 | D:1      | Prayed at the altar of an unknown god.
   254 | D:1      | Became a worshipper of Uskayaw the Reveller
   254 | D:1      | Reached * piety under Uskayaw
   254 | D:1      | Reached ** piety under Uskayaw
   591 | D:1      | Reached skill level 5 in Long Blades
   709 | D:1      | Reached XP level 3. HP: 31/31 MP: 2/2
  1752 | D:2      | Reached XP level 4. HP: 39/39 MP: 3/3
  1980 | D:3      | Reached *** piety under Uskayaw
  2433 | D:3      | Reached XP level 5. HP: 44/45 MP: 4/4
  2783 | D:4      | Reached **** piety under Uskayaw
  2789 | D:4      | Reached ***** piety under Uskayaw
  2858 | D:4      | Found a staircase to the Ecumenical Temple.
  3384 | D:5      | Entered Level 5 of the Dungeon
  3401 | D:5      | Reached XP level 6. HP: 37/51 MP: 5/5
  3576 | D:5      | Noticed Prince Ribbit
  3586 | D:5      | Killed Prince Ribbit
  3587 | D:5      | Reached XP level 7. HP: 48/57 MP: 6/6
  3667 | D:5      | Reached skill level 10 in Long Blades
  4062 | D:5      | Found a burning altar of Makhleb.
  4128 | D:5      | Reached XP level 8. HP: 27/64 MP: 7/7
  4355 | D:5      | Noticed Blork the orc
  4363 | D:5      | Killed Blork the orc
  4541 | D:6      | Found a runed translucent door.
  4541 | D:6      | Noticed Bricks's ghost (novice FoFi)
  4550 | D:6      | Noticed Sigmund
  4558 | D:6      | Killed Sigmund
  4936 | D:7      | Reached XP level 9. HP: 37/70 MP: 8/8
  5118 | D:7      | Reached skill level 15 in Long Blades
  5535 | D:7      | Found an ancient bone altar of Kikubaaqudgha.
  5642 | D:8      | Reached skill level 1 in Armour
  5681 | D:8      | Reached skill level 1 in Invocations
  5762 | D:8      | Noticed Grum
  5771 | D:8      | Killed Grum
  5772 | D:8      | Reached skill level 2 in Armour
  5861 | D:8      | Reached skill level 3 in Armour
  5909 | D:8      | Reached skill level 5 in Fighting
  6040 | D:8      | Noticed Joseph
  6051 | D:8      | Reached XP level 10. HP: 80/81 MP: 9/11
  6059 | D:8      | Killed Joseph
  6060 | D:8      | Reached skill level 4 in Armour
  6230 | D:8      | Reached skill level 5 in Armour
  6457 | D:8      | Noticed Psyche
  6461 | D:8      | Killed Psyche
  6919 | D:8      | Found a glowing silver altar of Zin.
  6919 | D:8      | Found a shimmering altar of Xom.
  6926 | D:8      | Found a hide-covered altar of Uskayaw.
  6928 | D:8      | Found a faded altar of an unknown god.
  6930 | D:8      | Found an iron altar of Okawaru.
  7410 | D:9      | Reached skill level 6 in Armour
  7424 | D:9      | Reached skill level 5 in Invocations
  7608 | D:10     | Entered Level 10 of the Dungeon
  7924 | D:10     | Reached skill level 7 in Armour
  7963 | D:10     | Found a portal to a secret trove of treasure.
  8296 | D:11     | Reached XP level 11. HP: 87/94 MP: 14/14
  8508 | D:11     | Found a staircase to the Lair.
  8550 | D:11     | Found a staircase to the Orcish Mines.
  8574 | D:11     | Reached ****** piety under Uskayaw
  8676 | Lair:1   | Entered Level 1 of the Lair of Beasts
  8734 | Lair:1   | Noticed an eight-headed hydra
  8919 | D:11     | Killed a 13-headed hydra
  8920 | D:11     | Reached skill level 8 in Armour
  8920 | D:11     | Reached skill level 1 in Shields
  8953 | Orc:1    | Entered Level 1 of the Orcish Mines
  9215 | Orc:2    | Entered Level 2 of the Orcish Mines
  9253 | Orc:2    | Noticed an ettin
  9259 | Orc:2    | Killed an ettin
  9418 | Orc:2    | Found a flickering gateway to a bazaar.
  9440 | Orc:2    | Found a staircase to the Elven Halls.
  9449 | Bazaar   | Entered a bazaar
  9449 | Bazaar   | Found Divvyox's Magic Scroll Shoppe.
  9449 | Bazaar   | Found Vurric's Book Boutique.
  9449 | Bazaar   | Found Ypuechat's Antique Armour Shoppe.
  9449 | Bazaar   | Found Naixoqas's Distillery.
  9452 | Bazaar   | Found Yzatuone's Book Emporium.
  9452 | Bazaar   | Found Jysosav's Magic Scroll Shop.
  9493 | Bazaar   | Bought a scroll of acquirement for 468 gold pieces
  9493 | Bazaar   | Acquired a manual of Armour
  9516 | Bazaar   | Bought a scroll of magic mapping for 31 gold pieces
  9516 | Bazaar   | Bought a scroll of identify for 18 gold pieces
  9516 | Bazaar   | Bought a scroll of identify for 18 gold pieces
  9516 | Bazaar   | Bought a scroll of enchant weapon for 67 gold pieces
  9516 | Bazaar   | Bought a scroll of enchant armour for 67 gold pieces
  9525 | Bazaar   | Bought a scroll of teleportation for 36 gold pieces
  9525 | Bazaar   | Bought a scroll of enchant weapon for 90 gold pieces
  9525 | Bazaar   | Bought a scroll of blinking for 90 gold pieces
  9667 | Orc:2    | Found a burning altar of Makhleb.
  9762 | Orc:2    | Noticed Urug
  9772 | Orc:2    | Killed Urug
  9773 | Orc:2    | Reached skill level 10 in Fighting
 10080 | Orc:1    | Noticed an ettin
 10152 | Orc:2    | Killed an ettin
 10153 | Orc:2    | Reached skill level 5 in Shields
 10315 | Orc:2    | Noticed an orc knight
 10345 | Orc:2    | Killed an orc knight
 10357 | Orc:2    | Found Antearph's General Store.
 10367 | Orc:2    | Found Lapriunu's Magic Scroll Emporium.
 10379 | Orc:2    | Reached XP level 12. HP: 78/108 MP: 13/17
 10465 | Orc:2    | Noticed an orc high priest
 10480 | Orc:2    | Killed an orc high priest
 10557 | Orc:2    | Noticed an orc high priest
 10563 | Orc:2    | Killed an orc high priest
 10568 | Orc:2    | Noticed an orc high priest
 10575 | Orc:2    | Killed an orc high priest
 10597 | Orc:2    | Paralysed by an orc sorcerer for 3 turns
 10600 | Orc:2    | Noticed an orc high priest
 10740 | Orc:2    | Noticed an orc high priest
 10743 | Orc:2    | Noticed an orc high priest
 10744 | Orc:2    | Killed an orc high priest
 10852 | Orc:2    | Gained mutation: You are weak. (Str -2) [a neqoxec]
 10857 | Orc:2    | Killed an orc high priest
 10861 | Orc:2    | Killed an orc high priest
 10901 | Orc:2    | Noticed an orc high priest
 10911 | Orc:2    | Killed an orc high priest
 10912 | Orc:2    | Reached skill level 10 in Invocations
 10924 | Orc:2    | Noticed an orc high priest
 10931 | Orc:2    | Killed an orc high priest
 10956 | Orc:2    | Found Ufrie's Book Boutique.
 10956 | Orc:2    | Found Tawor's Antique Armour Shop.
 10956 | Orc:2    | Found a one-way gate leading to the halls of Pandemonium.
 11144 | D:12     | Noticed a boulder beetle
 11175 | D:12     | Killed a boulder beetle
 11274 | D:12     | Noticed a boulder beetle
 11708 | D:12     | Noticed a boulder beetle
 11761 | D:11     | Killed a boulder beetle
 11762 | D:11     | Reached skill level 9 in Armour
 11762 | D:11     | Reached XP level 13. HP: 46/119 MP: 16/19
 11833 | D:11     | Lost mutation: You are weak. (Str -2) [potion of mutation]
 11833 | D:11     | Gained mutation: You have large cloven feet. [potion of
                  | mutation]
 11833 | D:11     | Gained mutation: You are somewhat resistant to further
                  | mutation. [potion of mutation]
 12227 | Lair:1   | Identified the +3 leather armour "Lyozuav" {*Corrode Dex+6}
 12449 | Lair:1   | Reached skill level 10 in Armour
 12454 | Lair:1   | Reached skill level 11 in Armour
 12454 | Lair:1   | Reached skill level 10 in Shields
 12839 | Lair:2   | Reached skill level 12 in Armour
 13691 | Lair:2   | Reached skill level 13 in Armour
 13691 | Lair:2   | Reached skill level 1 in Evocations
 13893 | Lair:3   | Found a staircase to the Swamp.
 13942 | Lair:3   | Found a frozen archway.
 13981 | IceCv    | Entered an ice cave
 14043 | IceCv    | Reached skill level 14 in Armour
 14367 | IceCv    | Found an ancient bone altar of Kikubaaqudgha.
 14452 | IceCv    | Reached skill level 15 in Armour
 14525 | IceCv    | HP: 5/124 [entropy weaver simulacrum (36)]
 15015 | IceCv    | Reached XP level 14. HP: 95/132 MP: 20/20
 15151 | Lair:3   | Noticed Luuwnalu's ghost (journeyman KoHu)
 15159 | Lair:3   | Found a transporter.
 15169 | Lair:3   | Found a transporter.
 15256 | Lair:3   | Found a staircase to the Snake Pit.
 15278 | Lair:3   | Reached skill level 16 in Armour
 16013 | Lair:4   | Reached skill level 17 in Armour
 16250 | Lair:4   | Reached skill level 5 in Evocations
 16254 | Lair:4   | Reached skill level 15 in Fighting
 17249 | Lair:5   | Found a viscous altar of Jiyva.
 17250 | Lair:5   | Found a staircase to the Slime Pits.
 18084 | Orc:2    | Bought a jewelled plate armour for 896 gold pieces
 18084 | Orc:2    | Identified the +9 plate armour of Honour {Will+ MP-9 Dex+3
                  | SInv} (You bought it in a shop on level 2 of the Orcish
                  | Mines)
 18262 | Lair:6   | Entered Level 6 of the Lair of Beasts
 18294 | Lair:6   | Noticed Sonja
 18306 | Lair:5   | Reached skill level 18 in Armour
 18372 | Lair:5   | Killed Sonja
 18799 | Lair:6   | Identified the +3 whip "Gourghod" {pain, Dex+4}
 18970 | Lair:6   | Reached XP level 15. HP: 143/143 MP: 12/21
 19813 | Lair:6   | Reached skill level 19 in Armour
 20461 | D:13     | Noticed Josephine
 20471 | D:13     | Killed Josephine
 20744 | D:13     | Found a gate to the Vaults.
 21325 | D:14     | Reached skill level 5 in Dodging
 22123 | D:15     | Entered Level 15 of the Dungeon
 22123 | D:15     | Noticed Louise
 22390 | D:15     | Killed Louise
 22454 | D:15     | Reached skill level 1 in Maces & Flails
 22547 | D:15     | Found a staircase to the Depths.
 22768 | D:15     | Reached skill level 5 in Maces & Flails
 22913 | D:15     | Reached XP level 16. HP: 151/152 MP: 14/23
 23193 | D:15     | Noticed Rupert
 23373 | Orc:2    | Bought an embroidered scarf for 256 gold pieces
 23435 | Orc:2    | Bought a potion of heal wounds for 80 gold pieces
 23613 | Swamp:1  | Entered Level 1 of the Swamp
 23621 | Swamp:1  | Paralysed by a hornet for 1 turns
 23701 | Swamp:1  | Paralysed by a hornet for 1 turns
 23795 | Swamp:1  | Noticed a thorn hunter
 23817 | Swamp:1  | Killed a thorn hunter
 24231 | Swamp:1  | Noticed Kirke
 24245 | Swamp:1  | Killed Kirke
 24769 | Swamp:1  | Reached skill level 10 in Maces & Flails
 24844 | Swamp:2  | Identified the +10 fustibalus of Wehixe {flame, rF+}
 26188 | Swamp:4  | Entered Level 4 of the Swamp
 26976 | Swamp:4  | Reached XP level 17. HP: 161/161 MP: 17/26
 27153 | Swamp:4  | HP: 2/161 [swamp dragon/blast of poison (12)]
 27156 | Swamp:4  | Succumbed to something's poison gas

Illustrated notes

Levels and vault maps discovered:
D:1:      dpeg_arrival_water_temple_mockup, layout_basic,
          hellmonk_ecumenical_altar_arch_garden
D:2:      layout_basic, grunt_ministairs_14, item_on_display_b
D:3:      layout_loops_ring, minmay_lizard_king
D:4:      layout_cave_pods, temple_fountains, small_statue_alley_b
D:5:      layout_basic, makhleb_grotto_becter, uniq_prince_ribbit1,
          uniq_blork_the_orc
D:6:      layout_rooms, hellmonk_ghost_happy_afterlife, uniq_sigmund
D:7:      layout_rooms, general_overflow_altar, minmay_misc_feat_encased,
          roderic_three_in_a_row
D:8:      layout_layer_cave, chequers_temple_overflow_minitemple, uniq_grum,
          uniq_joseph, uniq_psyche
D:9:      layout_loops_ring
D:10:     layout_basic, nicolae_trove_entry_crystal, serial_bayou_ford_a
D:11:     layout_gridville, lair_entry_dummy,
          kennysheep_orc_monster_closet_entryway
D:12:     layout_rooms
D:13:     layout_stronghold, david_vaults_5, kennysheep_generic_room_3,
          uniq_josephine
D:14:     layout_loops_cross, infiniplex_staircase_zigzag_4,
          nicolae_water_bricks
D:15:     hangedman_depths_entry_civil_slaughter, layout_rooms, minivault_16,
          minmay_joined_circles, uniq_rupert, uniq_louise
Lair:1:   layout_chaotic_city, nicolae_quartered_pool_impasse, st_stairs_9
Lair:2:   layout_roguey, small_statue_intersection
Lair:3:   layout_loops_ring, minmay_swamp_entry_reptiles,
          minmay_snake_entry_spellcaster, nzn_ghost_randoct,
          portal_ice_cave_rime, beast_lair_carwin_7
Lair:4:   layout_small_grid, chequers_serial_rivers_room_a
Lair:5:   layout_cave_pods, slime_altar_1
Lair:6:   hangedman_lair_in_review, layout_loops_ring, guppyfry_lair_end_dragon,
          serial_bayou_shore_a, uniq_sonja
Swamp:1:  nicolae_swamp_long_stream, layout_basic_swamp,
          hangedman_swamp_ruin_hall, uniq_kirke
Swamp:2:  layout_basic_swamp, hangedman_swamp_lotus
Swamp:3:  layout_basic_swamp, evilmike_swamp_ruin_house_3, swamp_pool1,
          nicolae_swamp_frolicking_bunyips
Swamp:4:  swamp_alternative, layout_basic_swamp, infiniplex_staircase_pool
Orc:1:    layout_diamond_mine, mines2_david
Orc:2:    pf_orc_diabolical, layout_caves, basic_altar, serial_shops,
          bzr_entry_road, nicolae_orc_lava_room, uniq_urug

Skill      XL: |  1  2  3  4  5  6  7  8  9 10 11 12 13 14 15 16 17 |
---------------+----------------------------------------------------+-----
Long Blades    | 4 5 6 8 9 11 14 16 | 16.0
Armour         | 3 7 8 9 15 18 19 | 19.1
Fighting       | 5 8 10 12 14 15 17 | 17.0
Invocations    | 2 6 8 10 11 13 | 13.4
Shields        | 6 9 10 | 10.4
Evocations     | 3 6 7 |  7.0
Dodging        | 6 |  6.0
Maces & Flails | 5 12 13 | 13.1
Stealth        | |  1.5

Action                   |  1- 3 |  4- 6 |  7- 9 | 10-12 | 13-15 | 16-18 || total
-------------------------+-------+-------+-------+-------+-------+-------++-------
Melee: Falchion          |    79 |    97 |    68 |       |       |       ||   244
       Headbutt          |    12 |    13 |    50 |   148 |   296 |   139 ||   658
       Punch             |     1 |     1 |     2 |     1 |       |       ||     5
       Scimitar          |       |       |   114 |       |    41 |   201 ||   356
       Long sword        |       |       |    41 |   632 |  1074 |   303 ||  2050
       Kick              |       |       |       |       |   117 |       ||   117
       Short sword       |       |       |       |       |    63 |       ||    63
Invok: Stomp             |       |       |     1 |     8 |     3 |     1 ||    13
       Grand Finale      |       |       |       |     1 |     2 |       ||     3
       Line Pass         |       |       |       |       |     1 |     1 ||     2
Evoke: Wand              |       |       |     1 |    11 |    11 |    12 ||    35
  Use: Scroll            |       |     3 |     7 |    20 |    15 |     6 ||    51
       Potion            |       |     1 |       |    10 |    12 |     9 ||    32
 Stab: Paralysed         |       |     1 |    11 |    48 |   113 |    35 ||   208
       Confused          |       |       |       |       |     3 |       ||     3
       Petrified         |       |       |       |       |     3 |       ||     3
       Invisible         |       |       |       |       |       |     1 ||     1
Armor: Leather armour    |    11 |       |       |       |       |       ||    11
       Chain mail        |    26 |    35 |    55 |       |       |       ||   116
       Plate armour      |       |       |    45 |   272 |   741 |   363 ||  1421
       Skin              |       |       |       |     9 |       |       ||     9
Dodge: Dodged            |    33 |    36 |    67 |   148 |   285 |   149 ||   718
Block: Kite shield       |       |       |       |   157 |   786 |   355 ||  1298
